 Dungeon Crawl Stone Soup version 0.29.0-4-gdea44cf6ec (webtiles) character file.

Game seed: 2873618057256644762

1 qw the Sneak (level 1, 0/14 HPs)
             Began as a Gargoyle Delver on Sept 10, 2022.
             Slain by a scorpion (3 damage)
             ... on level 4 of the Dungeon.
             The game lasted 00:00:01 (90 turns).

qw the Sneak (Gargoyle Delver)                        Turns: 90, Time: 00:00:02

Health: 0/14       AC:  5    Str: 15    XL:     1   Next: 20%
Magic:  1/1        EV: 11    Int: 10    God:
Gold:   17         SH:  0    Dex: 11    Spells: 0/0 levels left

rFire   . . .      SeeInvis .   a - +0 hand axe
rCold   . . .      Faith    .   (no shield)
rNeg    + . .      Spirit   .   b - +0 leather armour
rPois   inf        Reflect  .   (no helmet)
rElec   +          Harm     .   (no cloak)
rCorr   .          Rampage  .   (no gloves)
Will    .....                   (no boots)
Stlth   +++.......              (no amulet)
HPRegen 0.04/turn               (no ring)
MPRegen 0.07/turn               (no ring)

@: no status effects
A: sickness immunity, AC +2, negative energy resistance 1, electricity
resistance, torment resistance 1, petrification resistance
a: no special abilities


You were on level 4 of the Dungeon.
You visited 1 branch of the dungeon, and saw 2 of its levels.

You collected 17 gold pieces.


Innate Abilities, Weirdness & Mutations

You are immune to sickness and miasma.
Your stone body is resilient. (AC +2)
You are immune to poison.
You resist negative energy. (rN+)
You are resistant to electric shocks. (rElec)
You are resistant to unholy torment.
You are immune to petrification.


   Skills:
 - Level 3.2 Fighting
 + Level 1.9 Axes
 - Level 1.5 Dodging
 - Level 5.4 Stealth


You couldn't memorise any spells.
You didn't know any spells.
Your spell library was empty.

Inventory:

Hand Weapons
 a - a +0 hand axe (weapon)
Armour
 b - a +0 leather armour (worn)
Wands
 g - a wand of digging (3)
Potions
 f - a potion of haste

Dungeon Overview and Level Annotations

Branches:
Dungeon (5/15)
 Temple: D:4-7

Altars:

Annotations:
D:4 Blork the orc


Message History

You now have 17 gold pieces.
A hobgoblin comes into view.
44 ||| Stepping ~*~*~tactically~*~*~ (stealth).
45 ||| Stepping ~*~*~tactically~*~*~ (stealth).
You hit the hobgoblin.
The hobgoblin is almost dead.
The hobgoblin barely misses you.
You barely miss the hobgoblin.
The hobgoblin is almost dead.
The hobgoblin barely misses you.
You hit the hobgoblin but do no damage.
The hobgoblin is almost dead.
The hobgoblin hits you but does no damage.
You hit the hobgoblin but do no damage.
The hobgoblin is almost dead.
The hobgoblin misses you.
You hit the hobgoblin.
You kill the hobgoblin!
You see here a hobgoblin corpse.
Blork the orc comes into view.
He is wielding a +0 dire flail.
Blork the orc shouts!
Enter note: A scorpion comes into view.
Blork the orc gestures wildly while chanting.
Blork the orc seems to speed up.
Blork the orc frowns.
Blork the orc hits you with a +0 dire flail.
You hit Blork the orc.
Blork the orc is lightly wounded.
Blork the orc gestures at you while chanting.
The magic dart hits you!
Ouch! That really hurt!
The scorpion stings you but does no damage.
You hit Blork the orc.
Blork the orc is lightly wounded.
You hit the scorpion. Blork the orc closely misses you.
Blork the orc casts a cantrip, but nothing happens.
The scorpion stings you.
You die...

#.# #. #.# #.
#.# #. #.#
######.####.#
.........##.#
.........##.#
......s..##.#
#....o@....#
#.######...#
......#
######.# #.#
..# ###


You could see Blork the orc (fast) and a scorpion.

Vanquished Creatures
  A hobgoblin (D:4)
1 creature vanquished.

Notes
Turn   | Place    | Note
-------+----------+-------------------------------------------
     0 | D:5      | qw the Gargoyle Delver began the quest for the Orb.
     0 | D:5      | Reached XP level 1. HP: 14/14 MP: 1/1
     0 | D:5      | 0 ||| qw: Version: 0.1-a-116-g5d60599
     0 | D:5      | 0 ||| qw: Game counter: 9044
     0 | D:5      | 0 ||| qw: Always use a shield: true
     0 | D:5      | 0 ||| qw: God list: Okawaru
     0 | D:5      | 0 ||| qw: Allow faded altars: false
     0 | D:5      | 0 ||| qw: Do Orc after D:15 true
     0 | D:5      | 0 ||| qw: Do second Lair branch before Depths: true
     0 | D:5      | 0 ||| qw: Lair rune preference: random
     0 | D:5      | 0 ||| qw: Plans: Normal
     0 | D:5      | 0 ||| PLANNING D:1-11
    13 | D:5      | 13 ||| DROPPING scroll of fog.
    14 | D:5      | 14 ||| DROPPING scroll of magic mapping.
    15 | D:5      | 15 ||| DROPPING scroll of fear.
    44 | D:4      | 44 ||| Stepping ~*~*~tactically~*~*~ (stealth).
    45 | D:4      | 45 ||| Stepping ~*~*~tactically~*~*~ (stealth).
    85 | D:4      | Noticed Blork the orc
    86 | D:4      | Noticed a scorpion
    89 | D:4      | HP: 3/14 [Blork the orc/magic dart (7)]
    90 | D:4      | Slain by a scorpion

Levels and vault maps discovered:
D:4:      layout_basic, mainiacjoe_overflow_small_starburst,
          hangedman_decor_riveting, minmay_small_thing, uniq_blork_the_orc,
          uniq_sigmund
D:5:      layout_loops_ring, minmay_manual_macuahuitl

Action                   || total
-------------------------++-------
Melee: Hand axe          ||     7
Armor: Leather armour    ||     2
Dodge: Dodged            ||     4

Table legend:
 A = Non-vault XP
 B = Vault XP
 C = Vault XP percentage of total XP
 D = Non-vault monster count
 E = Vault monster count
 F = Vault count percentage of total count
                 A         B        C        D         E       F
            +---------+---------+-------+---------+---------+-------
      Total |       2 |       0 |   0.0 |       1 |       0 |   0.0
            +---------+---------+-------+---------+---------+-------
        D:4 |       2 |       0 |   0.0 |       1 |       0 |   0.0
            +---------+---------+-------+---------+---------+-------
